 Dungeon Sprint DCSS version 0.31-a0-486-g8d68a81214 (webtiles) character file.

Game seed: 4039303231668756513

4 rocky1 the Ruffian (level 1, 0/19 HPs)
             Began as an Octopode Shapeshifter on Aug 8, 2023.
             Slain by a centaur (4 damage)
             ... in the Dungeon (Sprint IX: "|||||||||||||||||||||||||||||").
             The game lasted 00:00:11 (274 turns).

rocky1 the Ruffian (Octopode Shapeshifter)           Turns: 274, Time: 00:00:12

Health: 0/19       AC:  1    Str: 14    XL:     1   Next: 60%
Magic:  1/1        EV: 13    Int: 10    God:
Gold:   0          SH:  0    Dex: 12    Spells: 0/0 levels left

rFire   . .          .
                       - Unarmed
rCold   . . .        (no shield)
rNeg    . . .        (helmet currently unavailable)
rPois   .            (no amulet)
rElec   .            (no ring)
rCorr   .            (no ring)
SInv    .            (no ring)
Will    .....        (no ring) Stlth
                     (no ring)
HPRegen 0.23/turn    (no ring)
MPRegen 0.07/turn    (no ring)
                     (no ring)

%: no teleportation
@: berserking, beast-form, very quick
A: beast (slay +2), almost no armour, amphibious, 8 rings, camouflage 1,
gelatinous body 1, (nimble swimmer 1), tentacles
a: Begin Untransformation


You were in the Dungeon.
You were a hulking beast.
You visited 1 branch

Inventory:

Talismans
 b - a beast talisman (active)
Scrolls
 h - a scroll of blinking
Potions
 a - a potion of lignification
 c - a potion of curing
 e - a potion of haste
 f - 2 potions of magic


   Skills:
 + Level 1.0 Fighting
 + Level 2.0 Dodging
 + Level 3.8 Unarmed Combat
 + Level 3.4 Shapeshifting


You couldn't memorise any spells.
You didn't know any spells.
Your spell library was empty.

Dungeon Overview and Level Annotations

Branches:
Dungeon (1/1)

Altars:


Innate Abilities, Weirdness & Mutations

You are a hulking beast.
Your limbs bulge with bestial killing power. (Slay +2)
You cannot wear most types of armour.
You are amphibious.
You can wear up to eight rings at the same time.
Your skin changes colour to match your surroundings (Stealth+).
Your rubbery body absorbs attacks. (AC +1, EV +1)
((You are camouflaged when in or above water. (Stealth+)))
You have tentacles for arms and can constrict up to eight enemies at once.


Message History

You tentacle-slap the rat.
You kill the rat!
You tentacle-slap the rat.
You kill the rat!
The kobold throws a stone.
The stone misses you.
You see here a rat corpse.
You barely miss the kobold. Your grab misses the kobold.
Your squeeze misses the kobold.
The kobold hits you with a +0 short sword.
* * * LOW HITPOINT WARNING * * *
You tentacle-slap the kobold but do no damage.
Your grab misses the kobold.
The kobold hits you with a +0 short sword.
* * * LOW HITPOINT WARNING * * *
You bludgeon the kobold!
You kill the kobold!
Things that are here:
a +0 short sword; 5 stones You start resting.
HP restored.
You start waiting.
You start waiting.
Done waiting.
You open the door.
A shadow imp, 2 orcs, a sleepcap and a centaur come into view.
The shadow imp shouts!
The orc shouts!
The centaur hits you. The centaur kicks you.
There is an open door here.
Unknown command.
You feel much better. The centaur barely misses you.
The centaur closely misses you. The centaur hits you. The centaur kicks you.
A red film seems to cover your vision as you go berserk!
You feel yourself moving faster!
You feel mighty!
The orc shouts!
The centaur hits you!
* * * LOW HITPOINT WARNING * * *
The centaur kicks you.
* * * LOW HITPOINT WARNING * * *
You barely miss the centaur. The centaur hits you.
You die...

▓+▓
▓5▓
▓o▓
▓o▓
▓f▓
▓c▓
▓h▓
▓.▓
▓.▓
▓)▓
▓÷▓
▓)▓
▓'▓
▓.▓
▓.▓


You could see a sleepcap, a centaur, a shadow imp and 2 orcs.

Vanquished Creatures
  An endoplasm (D)
  2 kobolds (D)
  2 rats (D)
5 creatures vanquished.

Notes
Turn   | Place    | Note
-------+----------+-------------------------------------------
     0 | D        | rocky1 the Octopode Shapeshifter began the quest for the
                  | Orb.
     0 | D        | Reached XP level 1. HP: 13/13 MP: 1/1
   270 | D        | Noticed a sleepcap
   270 | D        | Noticed a centaur
   274 | D        | Slain by a centaur

Illustrated notes

Levels and vault maps discovered:
D:        linesprint [early_d, line_temple, items_1, d_10, items_2, lair_1,
          lair_end, items_3, orc_1, orc_end, items_4, d_15, swamp_1, shoals_1,
          snake_1, spider_1, d_20, vaults_1, items_5, swamp_end, shoals_end,
          snake_end, spider_end, vaults_end, d_27, items_6, zot_1, zot_end,
          crypt_end, forest_end, elf_end, slime_end, tomb_end, abyss_end,
          pan_hell_end]

Action                     || total
---------------------------++-------
  Melee: Unarmed           ||    10
         Constrict         ||     1
         Tentacles         ||     1
    Use: Potion            ||     2
  Dodge: Dodged            ||     3

Table legend: (Time is in decaauts)
 A = Elapsed time spent in this place.
 B = Non-inter-level travel time spent in this place.
 C = Inter-level travel time spent in this place.
 D = Time resting spent in this place.
 E = Time spent auto-exploring this place.
 F = Levels seen in this place.
 G = Mean time per level.
                   A        B        C        D        E       F      G
               +--------+--------+--------+--------+--------+-----+--------+
         Total |    273 |    273 |      0 |    251 |      0 |   1 |  273.0 |
       Dungeon |    273 |    273 |      0 |    251 |      0 |   1 |  273.0 |
               +--------+--------+--------+--------+--------+-----+--------+

Top non-repeatable levels by time:
       D: 273 daAuts
